Map: Ruins of Seras

Players

Bop - Winner!

  • Race: Protoss Protoss

DoM

  • Race: Zerg Zerg

VOD

Have the link to the VOD?

Description

Time

  • Played on: May 3, 2015, 12:58 a.m.
  • Length: 8:25
Show
View Real Time Build Order
Export as new Build Order

Bop Protoss - Winner!

Build Orders: Nexus First 

Get SALT Encoding   

  12  0:01  Probe  
  13  0:13  Probe  
  14  0:42  Nexus  
  14  0:51  Pylon  
  14  1:09  Probe (Chrono Boost)  
  14  1:11  Gateway  
  15  1:21  Probe (Chrono Boost)  
  16  1:27  Probe (Chrono Boost)  
  16  1:29  Assimilator  
  16  1:32  Pylon  
  17  1:39  Probe (Chrono Boost)  
  18  1:46  Probe (Chrono Boost)  
  19  1:56  Probe  
  20  2:02  Probe  
  21  2:08  Cybernetics Core  
  21  2:14  Gateway, Probe (Chrono Boost)  
  21  2:15  Probe (Chrono Boost)  
  23  2:26  Probe (Chrono Boost)  
  23  2:27  Probe (Chrono Boost)  
  25  2:34  Probe x2 (Chrono Boost)  
  27  2:38  Warp Gate  
  27  2:44  Probe x2, Adept (Chrono Boost)  
  31  2:54  Pylon  
  31  2:56  Probe x2  
  33  3:01  Adept  
  33  3:04  Adept  
  37  3:08  Probe x2  
  39  3:18  Assimilator  
  39  3:20  Twilight Council  
  39  3:21  Probe (Chrono Boost), Assimilator  
  39  3:24  Probe (Chrono Boost)  
  41  3:33  Probe (Chrono Boost)  
  42  3:36  Probe (Chrono Boost), Adept  
  42  3:37  Adept  
  42  3:41  Probe (Chrono Boost)  
  48  3:42  Probe (Chrono Boost)  
  49  3:49  Assimilator  
  49  3:50  Probe (Chrono Boost)  
  49  3:54  Probe (Chrono Boost)  
  51  3:57  Pylon  
  51  4:00  Probe (Chrono Boost)  
  52  4:15  Probe x2  
  52  4:27  Probe  
  52  4:30  Gateway  
  53  4:33  Gateway  
  53  4:34  Gateway  
  53  4:37  Gateway  
  49  4:40  Shield Upgrade (Chrono Boost)  
  49  4:41  Pylon  
  49  4:47  Adept x2  
  49  4:49  Forge  
  53  4:55  Pylon  
  53  5:07  Pylon  
  53  5:12  Pylon  
  53  5:14  Pylon  
  53  5:18  Zealot  
  54  5:23  Photon Cannon  
  54  5:26  Protoss Ground Weapons Level 1 (Chrono Boost)  
  54  5:28  Adept x4  
  62  5:37  Blink (Chrono Boost)  
  62  5:46  Stalker x3  
  66  5:51  Zealot x3  
  66  6:11  Zealot x6  
  68  6:23  Robotics Facility  
  68  6:24  Pylon  
  56  6:36  Zealot x6  
  62  6:49  Photon Cannon  
  62  6:52  Adept x3  
  66  7:00  Sentry  
  66  7:01  Sentry x2  
  64  7:13  Stalker  
  64  7:14  Stalker x2  
  66  7:18  Pylon  
  66  7:19  Photon Cannon  
  59  7:23  Mothership Core (Chrono Boost)  
  59  7:26  Stalker  
  59  7:28  Sentry  
  59  7:29  Sentry  
  64  7:42  Stalker x3  
  62  7:52  Observer  
  63  7:58  Mothership Core (Chrono Boost)  
  63  7:59  Stalker x2  
  63  8:00  Stalker  
  64  8:23  Stalker x2  
  64  8:24  Stalker x3  
Show
View Real Time Build Order
Export as new Build Order

DoM Zerg 

Build Orders: Hatch First 

Get SALT Encoding   

  12  0:02  Drone  
  13  0:13  Overlord  
  13  0:17  Drone  
  14  0:25  Extractor  
  14  0:26  Drone  
  15  0:33  Drone  
  15  0:35  Drone  
  17  0:56  Hatchery  
  16  0:59  Drone  
  16  1:02  Drone  
  18  1:05  Extractor  
  17  1:14  Drone  
  18  1:24  Spawning Pool  
  17  1:27  Drone  
  18  1:35  Drone  
  19  1:43  Overlord  
  19  2:11  Metabolic Boost, Queen x2  
  19  2:15  Overlord  
  23  2:17  Drone  
  23  2:22  Drone  
  25  2:28  Drone x2  
  27  2:34  Drone x2  
  29  2:40  Drone  
  30  2:52  Queen  
  30  2:55  Drone x3  
  35  3:05  Drone x2  
  37  3:06  Lair  
  37  3:10  Zergling x2  
  38  3:15  Drone  
  38  3:17  Extractor  
  38  3:20  Drone  
  38  3:21  Drone x4  
  38  3:25  Overlord  
  43  3:35  Overlord  
  43  3:39  Roach Warren  
  42  3:43  Drone x2  
  42  3:44  Drone  
  42  3:45  Drone x2  
  42  3:47  Overlord  
  42  3:48  Extractor  
  46  3:57  Drone  
  46  3:58  Drone  
  46  4:01  Queen  
  50  4:03  Zergling x4  
  50  4:04  Zergling x4  
  51  4:15  Drone  
  51  4:16  Drone x4  
  52  4:23  Drone  
  51  4:29  Drone  
  51  4:30  Drone  
  53  4:33  Drone x2  
  53  4:34  Drone x2  
  57  4:42  Overlord  
  56  4:45  Extractor  
  56  4:51  Roach x2  
  59  4:53  Nydus Network  
  59  4:54  Roach  
  60  5:00  Roach  
  60  5:03  Roach  
  60  5:04  Queen  
  66  5:10  Roach x2  
  66  5:11  Roach  
  72  5:15  Overlord  
  71  5:26  Roach x2  
  75  5:31  Nydus Canal  
  75  5:34  Roach  
  75  5:35  Roach x3  
  83  5:39  Zergling x2  
  80  5:58  Roach, Zergling x2  
  80  5:59  Zergling x2  
  80  6:07  Nydus Canal  
  72  6:16  Drone  
  72  6:17  Drone x5  
  58  6:35  Roach, Zergling x2  
  59  6:41  Drone x2  
  44  6:59  Roach x2  
  37  7:17  Roach x3  
  41  7:30  Drone x3, Queen  
  40  7:46  Roach x2  
  24  8:05  Drone  
Tags
 
Add a new tag
Caveats
  • Supply blocks, unpowered buildings, or Contaminate may cause inaccurate times.
  • Supply counts are checked every 10 seconds.